TOP OF THE 1ST |
Wisconsin Rapids Rangers batting - Pitching for Cincinnati Pride : RHP Tomás Pagán
|
Pitching: RHP Tomás Pagán
|
|
Batting: RHB Troy Reed
|
0-0: Ball 1-0: Called Strike 1-1: Ball 2-1: Called Strike 2-2: Foul Ball, location: 2F 2-2: Foul Ball, location: 2F 2-2: Foul Ball, location: 2F 2-2: Strikes out looking
|
Batting: RHB John Denton
|
0-0: Called Strike 0-1: Foul Ball, location: 2F 0-2: Strikes out swinging
|
Batting: RHB Paul Richard
|
0-0: Called Strike 0-1: Ball 1-1: Ground out 6-3 (Groundball, 6)
|
Top of the 1st over - 0 run(s), 0 hit(s), 0 error(s), 0 left on base; Wisconsin Rapids 0 - Cincinnati 0 |
BOTTOM OF THE 1ST |
Cincinnati Pride batting - Pitching for Wisconsin Rapids Rangers : RHP Bennie Jones
|
Pitching: RHP Bennie Jones
|
|
Batting: RHB Larry Booth
|
0-0: Ball 1-0: Swinging Strike 1-1: Ball 2-1: SINGLE (Flyball, 78S)
|
Batting: SHB Rafael Villa
|
0-0: Ball 1-0: Foul Ball, location: 2F 1-1: Ball Wild Pitch! Larry Booth to second 2-1: Swinging Strike 2-2: Strikes out swinging
|
Batting: RHB Michael Skinner
|
0-0: Foul Ball, location: 2F 0-1: Ball 1-1: Fly out, F8 (Flyball, 8RM)
|
Batting: RHB Roberto Chávez
|
0-0: Called Strike 0-1: Reached on Error, E9 (Flyball, 9M) Larry Booth scores
|
Batting: RHB Randy Simons
|
0-0: Ball 1-0: Ground out 5-3 (Groundball, 56)
|
Bottom of the 1st over - 1 run(s), 1 hit(s), 1 error(s), 1 left on base; Wisconsin Rapids 0 - Cincinnati 1 |
TOP OF THE 2ND |
Wisconsin Rapids Rangers batting - Pitching for Cincinnati Pride : RHP Tomás Pagán
|
Batting: SHB José López
|
0-0: Ball 1-0: Ball 2-0: Ball 3-0: Called Strike 3-1: Fly out, F9 (Line Drive, 9S)
|
Batting: RHB Danny Campbell
|
0-0: Called Strike 0-1: Foul Ball, location: 2F 0-2: Ball 1-2: Ball 2-2: Ball 3-2: DOUBLE (Line Drive, 7LS)
|
Batting: RHB Vernon Romo
|
0-0: Ground out 4-3 (Groundball, 4MS) Danny Campbell to third
|
Batting: LHB Alex Henderson
|
0-0: Called Strike 0-1: Ball 1-1: Ball 2-1: SINGLE (Groundball, 34S) Danny Campbell scores
|
Batting: RHB James Jenkins
|
0-0: Fly out, F7 (Flyball, 7D)
|
Top of the 2nd over - 1 run(s), 2 hit(s), 0 error(s), 1 left on base; Wisconsin Rapids 1 - Cincinnati 1 |
BOTTOM OF THE 2ND |
Cincinnati Pride batting - Pitching for Wisconsin Rapids Rangers : RHP Bennie Jones
|
Batting: LHB Marvin Morris
|
0-0: Ball 1-0: Ground out 4-3 (Groundball, 4M)
|
Batting: RHB Pablo Gómez
|
0-0: Foul Ball, location: 2F 0-1: Foul Ball, location: 2F 0-2: Ball
|
|
|
|
1-2: Foul Ball, location: 2F 1-2: SOLO HOME RUN (Flyball, 78XD), Distance : 418 ft
|
Batting: RHB Wilson Flores
|
0-0: Called Strike 0-1: Swinging Strike 0-2: Ball 1-2: Foul Ball, location: 2F 1-2: Fly out, F8 (Flyball, 8LM)
|
Batting: RHB Norris Howard
|
0-0: Fly out, F2 (Popup, 2LF)
|
Bottom of the 2nd over - 1 run(s), 1 hit(s), 0 error(s), 0 left on base; Wisconsin Rapids 1 - Cincinnati 2 |
TOP OF THE 3RD |
Wisconsin Rapids Rangers batting - Pitching for Cincinnati Pride : RHP Tomás Pagán
|
Batting: RHB Robert Acosta
|
0-0: Called Strike 0-1: Fly out, F3 (Popup, 23F)
|
Batting: RHB Troy Reed
|
0-0: Called Strike 0-1: Ball 1-1: Foul Ball, location: 2F 1-2: Strikes out swinging
|
Batting: RHB John Denton
|
0-0: Called Strike 0-1: Swinging Strike 0-2: Foul Ball, location: 2F 0-2: Ball 1-2: SINGLE (Line Drive, 4MD)
|
Batting: RHB Paul Richard
|
0-0: Foul Ball, location: 2F 0-1: Ball 1-1: Ball 2-1: Ball 3-1: Foul Ball, location: 2F 3-2: Base on Balls John Denton to second
|
Batting: SHB José López
|
0-0: Fly out, F7 (Flyball, 7S)
|
Top of the 3rd over - 0 run(s), 1 hit(s), 0 error(s), 2 left on base; Wisconsin Rapids 1 - Cincinnati 2 |
BOTTOM OF THE 3RD |
Cincinnati Pride batting - Pitching for Wisconsin Rapids Rangers : RHP Bennie Jones
|
Batting: RHB Larry Booth
|
0-0: Ball 1-0: Called Strike 1-1: Ball 2-1: Ball 3-1: Foul Ball, location: 2F 3-2: Base on Balls
|
Batting: SHB Rafael Villa
|
0-0: Reached on error, E1 (Groundball, 15S) Larry Booth to second
|
Batting: RHB Michael Skinner
|
0-0: Called Strike 0-1: Fielders Choice at 2nd, 5-4 (Groundball, 56) Larry Booth to third
|
Batting: RHB Roberto Chávez
|
0-0: Ball 1-0: Ball 2-0: Ball 3-0: Base on Balls Michael Skinner to second
|
Batting: RHB Randy Simons
|
0-0: Swinging Strike 0-1: Foul Ball, location: 2F 0-2: Foul Ball, location: 2F 0-2: Ball 1-2: TRIPLE (Flyball, 78XD) Larry Booth scores Michael Skinner scores Roberto Chávez scores
|
Batting: LHB Marvin Morris
|
0-0: Ball 1-0: Ball 2-0: Ground out 4-3 (Groundball, 4M) Randy Simons scores
|
Batting: RHB Pablo Gómez
|
0-0: Ball 1-0: Ground out U3 (Groundball, 3)
|
Bottom of the 3rd over - 4 run(s), 1 hit(s), 1 error(s), 0 left on base; Wisconsin Rapids 1 - Cincinnati 6 |
TOP OF THE 4TH |
Wisconsin Rapids Rangers batting - Pitching for Cincinnati Pride : RHP Tomás Pagán
|
Batting: RHB Danny Campbell
|
0-0: Ball 1-0: Fly out, F4 (Line Drive, 4D)
|
Batting: RHB Vernon Romo
|
0-0: Ball 1-0: Ball 2-0: Foul Ball, location: 2F 2-1: SINGLE (Line Drive, 8RS)
|
Batting: LHB Alex Henderson
|
0-0: Ball 1-0: Foul Ball, location: 2F 1-1: DOUBLE (Line Drive, 8RXD) Vernon Romo to third
|
Batting: RHB James Jenkins
|
0-0: Called Strike 0-1: Ball 1-1: Ball 2-1: SINGLE (Popup, 3D) Vernon Romo scores Alex Henderson to third Runner from 3rd tries for Home, SAFE, throw made home James Jenkins to second
|
Batting: RHB Robert Acosta
|
0-0: Called Strike 0-1: Ball 1-1: Ball 2-1: SINGLE (Line Drive, 6M) James Jenkins to third
|
Batting: RHB Troy Reed
|
0-0: Ball 1-0: Fly out, F3 (Popup, 3L)
|
Batting: RHB John Denton
|
0-0: Called Strike 0-1: Fly out, F9 (Flyball, 89M)
|
Top of the 4th over - 2 run(s), 4 hit(s), 0 error(s), 2 left on base; Wisconsin Rapids 3 - Cincinnati 6 |
BOTTOM OF THE 4TH |
Cincinnati Pride batting - Pitching for Wisconsin Rapids Rangers : RHP Bennie Jones
|
Batting: RHB Wilson Flores
|
0-0: Ball 1-0: Foul Ball, location: 2F 1-1: Ground out 4-3 (Groundball, 4)
|
Batting: RHB Norris Howard
|
0-0: Ball 1-0: Called Strike 1-1: Swinging Strike 1-2: Strikes out swinging
|
Batting: RHB Larry Booth
|
0-0: Foul Ball, location: 2F 0-1: Ball 1-1: Ground out 5-3 (Groundball, 5S)
|
Bottom of the 4th over - 0 run(s), 0 hit(s), 0 error(s), 0 left on base; Wisconsin Rapids 3 - Cincinnati 6 |
TOP OF THE 5TH |
Wisconsin Rapids Rangers batting - Pitching for Cincinnati Pride : RHP Tomás Pagán
|
Batting: RHB Paul Richard
|
0-0: SINGLE (Groundball, 15S) (infield hit)
|
Batting: SHB José López
|
0-0: Fielders Choice at 2nd, 4-6 (Groundball, 4)
|
Batting: RHB Danny Campbell
|
0-0: Ball 1-0: Foul Ball, location: 2F 1-1: Ball 2-1: Swinging Strike 2-2: Ball 3-2: Foul Ball, location: 2F 3-2: Foul Ball, location: 2F 3-2: Strikes out swinging
|
Batting: RHB Vernon Romo
|
0-0: Ball 1-0: Ball 2-0: Called Strike 2-1: Ball 3-1: Base on Balls José López to second
|
Pitching: RHP José Gonzáles
|
|
Batting: LHB Alex Henderson
|
0-0: Ball 1-0: SINGLE (Flyball, 6MD) José López to third Vernon Romo to second Runner from 3rd tries for Home, SAFE, no throw or cutoff
|
Batting: RHB James Jenkins
|
0-0: Fly out, F9 (Flyball, 9LM)
|
Top of the 5th over - 1 run(s), 2 hit(s), 0 error(s), 2 left on base; Wisconsin Rapids 4 - Cincinnati 6 |
BOTTOM OF THE 5TH |
Cincinnati Pride batting - Pitching for Wisconsin Rapids Rangers : RHP Bennie Jones
|
Batting: SHB Rafael Villa
|
0-0: SINGLE (Line Drive, 9S)
|
Batting: RHB Michael Skinner
|
0-0: Ball 1-0: Called Strike 1-1: Swinging Strike 1-2: Ball 2-2: Strikes out swinging
|
Batting: RHB Roberto Chávez
|
0-0: Grounds into double play, U6-3 (Groundball, 6M)
|
Bottom of the 5th over - 0 run(s), 1 hit(s), 0 error(s), 0 left on base; Wisconsin Rapids 4 - Cincinnati 6 |
TOP OF THE 6TH |
Wisconsin Rapids Rangers batting - Pitching for Cincinnati Pride : RHP José Gonzáles
|
Batting: RHB Robert Acosta
|
0-0: Called Strike 0-1: Ball 1-1: Ball 2-1: Foul Ball, location: 2F 2-2: Strikes out swinging
|
Batting: RHB Troy Reed
|
0-0: Foul Ball, location: 2F 0-1: Ball 1-1: Ball 2-1: Ball 3-1: Base on Balls
|
Batting: RHB John Denton
|
0-0: Ball Troy Reed steals 2nd base 1-0: Called Strike 1-1: Swinging Strike 1-2: Ball 2-2: Fly out, F9 (Flyball, 89XD) Runner from 2nd tags up, SAFE at 3rd, no throw
|
Batting: RHB Paul Richard
|
0-0: Reached on error, E6 (Groundball, 6) Troy Reed scores
|
Batting: SHB José López
|
0-0: Ball 1-0: Ball 2-0: Called Strike 2-1: Called Strike 2-2: Foul Ball, location: 2F 2-2: Strikes out swinging
|
Top of the 6th over - 1 run(s), 0 hit(s), 1 error(s), 1 left on base; Wisconsin Rapids 5 - Cincinnati 6 |
BOTTOM OF THE 6TH |
Cincinnati Pride batting - Pitching for Wisconsin Rapids Rangers : RHP Bennie Jones
|
Batting: RHB Randy Simons
|
0-0: Swinging Strike 0-1: Ball 1-1: Fly out, F4 (Line Drive, 4)
|
Batting: LHB Marvin Morris
|
0-0: Ball 1-0: Ball 2-0: Ball 3-0: Base on Balls
|
Batting: RHB Pablo Gómez
|
0-0: Ball 1-0: Called Strike 1-1: Grounds into double play, 4-6-3 (Groundball, 4)
|
Bottom of the 6th over - 0 run(s), 0 hit(s), 0 error(s), 0 left on base; Wisconsin Rapids 5 - Cincinnati 6 |
TOP OF THE 7TH |
Wisconsin Rapids Rangers batting - Pitching for Cincinnati Pride : RHP José Gonzáles
|
Batting: RHB Danny Campbell
|
0-0: Ball 1-0: Swinging Strike 1-1: Foul Ball, location: 2F 1-2: Strikes out looking
|
Batting: RHB Vernon Romo
|
0-0: Foul Ball, location: 2F 0-1: SINGLE (Groundball, 34D)
|
Pinch Hitting: SHB Ricardo Arévalo
|
0-0: Called Strike 0-1: Fly out, F8 (Flyball, 8RXD)
|
Pinch Hitting: LHB Ramón Córdova
|
0-0: Called Strike 0-1: Ball 1-1: Swinging Strike 1-2: Ball 2-2: Foul Ball, location: 2F 2-2: Strikes out swinging
|
Top of the 7th over - 0 run(s), 1 hit(s), 0 error(s), 1 left on base; Wisconsin Rapids 5 - Cincinnati 6 |
BOTTOM OF THE 7TH |
Cincinnati Pride batting - Pitching for Wisconsin Rapids Rangers : RHP Bennie Jones
|
Now at 2B: Ricardo Arévalo
|
|
Now at 3B: James Green
|
|
Batting: RHB Wilson Flores
|
0-0: Ball 1-0: Swinging Strike 1-1: Called Strike 1-2: Strikes out swinging
|
Batting: RHB Norris Howard
|
0-0: Ball 1-0: Fly out, F3 (Popup, 3SF)
|
Batting: RHB Larry Booth
|
0-0: SINGLE (Line Drive, 7S)
|
Pitching: RHP Chuck Plummer
|
|
Batting: SHB Rafael Villa
|
0-0: Ball Wild Pitch! Larry Booth to second 1-0: Swinging Strike 1-1: Ball 2-1: Ball 3-1: Swinging Strike 3-2: Base on Balls
|
Pinch Hitting: SHB Jorge García
|
0-0: Ball 1-0: Fly out, F5 (Popup, 5S)
|
Bottom of the 7th over - 0 run(s), 1 hit(s), 0 error(s), 2 left on base; Wisconsin Rapids 5 - Cincinnati 6 |
TOP OF THE 8TH |
Wisconsin Rapids Rangers batting - Pitching for Cincinnati Pride : RHP José Gonzáles
|
Pitching: LHP Halewijn Tipping
|
|
Now at 3B: Juan Martínez
|
|
Now in RF: Wes Stone
|
|
Batting: RHB Robert Acosta
|
0-0: Ball 1-0: Called Strike 1-1: Foul Ball, location: 2F 1-2: Reached on error, E6 (Groundball, 6)
|
Pitching: RHP Rusty van Rhee
|
|
Pinch Hitting: RHB Jesús Silva
|
0-0: Ball 1-0: Called Strike 1-1: Ball 2-1: Ball 3-1: Swinging Strike 3-2: Base on Balls
|
Batting: RHB John Denton
|
0-0: Ball 1-0: Ball 2-0: Ball 3-0: Base on Balls Robert Acosta to third Jesús Silva to second
|
Batting: RHB Paul Richard
|
0-0: Called Strike 0-1: SINGLE (Groundball, 6MD) Robert Acosta scores Jesús Silva to third John Denton to second
|
Batting: SHB José López
|
0-0: Swinging Strike 0-1: Foul Ball, location: 2F 0-2: Ball 1-2: Foul Ball, location: 2F 1-2: Strikes out looking
|
Batting: RHB Danny Campbell
|
0-0: Ball 1-0: SINGLE (Groundball, 34D) Jesús Silva scores John Denton to third Paul Richard to second Runner from 3rd tries for Home, SAFE, throw made home Paul Richard to third Danny Campbell to second
|
Batting: RHB Vernon Romo
|
0-0: Called Strike 0-1: Ball 1-1: Foul Ball, location: 2F 1-2: Strikes out swinging
|
Batting: SHB Ricardo Arévalo
|
0-0: Called Strike 0-1: Foul Ball, location: 2F 0-2: Ball 1-2: Ball 2-2: Foul Ball, location: 2F 2-2: Foul Ball, location: 2F 2-2: Fly out, F7 (Line Drive, 7M)
|
Top of the 8th over - 3 run(s), 2 hit(s), 1 error(s), 2 left on base; Wisconsin Rapids 8 - Cincinnati 6 |
BOTTOM OF THE 8TH |
Cincinnati Pride batting - Pitching for Wisconsin Rapids Rangers : RHP Chuck Plummer
|
Now in LF: Salvador Vázquez
|
|
Batting: RHB Roberto Chávez
|
0-0: Ball 1-0: Foul Ball, location: 2F 1-1: Called Strike 1-2: Strikes out swinging
|
Batting: RHB Randy Simons
|
0-0: Called Strike 0-1: Ball 1-1: Swinging Strike 1-2: Strikes out swinging
|
Batting: LHB Marvin Morris
|
0-0: Called Strike 0-1: Called Strike 0-2: Ball 1-2: Foul Ball, location: 2F 1-2: Ball 2-2: SINGLE (Groundball, 34D)
|
Pitching: RHP Willie Alexander
|
|
Batting: RHB Pablo Gómez
|
0-0: Foul Ball, location: 2F 0-1: Ball 1-1: Called Strike 1-2: Fly out, F7 (Flyball, 78M)
|
Bottom of the 8th over - 0 run(s), 1 hit(s), 0 error(s), 1 left on base; Wisconsin Rapids 8 - Cincinnati 6 |
TOP OF THE 9TH |
Wisconsin Rapids Rangers batting - Pitching for Cincinnati Pride : RHP Rusty van Rhee
|
Batting: RHB James Green
|
0-0: Ball 1-0: SINGLE (Line Drive, 4D)
|
Batting: RHB Robert Acosta
|
0-0: Ball 1-0: Bunted foul 1-1: Bunted foul 1-2: Strikes out swinging James Green steals 2nd base Batter strikes out.
|
Batting: RHB Salvador Vázquez
|
0-0: Ball 1-0: Called Strike 1-1: Ball 2-1: Foul Ball, location: 2F 2-2: Strikes out swinging
|
Batting: RHB John Denton
|
0-0: Foul Ball, location: 2F 0-1: Ball 1-1: DOUBLE (Flyball, 8LXD) James Green scores
|
Pitching: RHP Darrell Stanley
|
|
Batting: RHB Paul Richard
|
0-0: Called Strike 0-1: Foul Ball, location: 2F 0-2: Strikes out swinging
|
Top of the 9th over - 1 run(s), 2 hit(s), 0 error(s), 1 left on base; Wisconsin Rapids 9 - Cincinnati 6 |
BOTTOM OF THE 9TH |
Cincinnati Pride batting - Pitching for Wisconsin Rapids Rangers : RHP Willie Alexander
|
Pitching: RHP Júlio Feliciano
|
|
Batting: RHB Wilson Flores
|
0-0: Ball 1-0: Ball 2-0: Swinging Strike 2-1: Ball 3-1: Foul Ball, location: 2F 3-2: Strikes out swinging
|
Batting: RHB Norris Howard
|
0-0: Ball 1-0: Foul Ball, location: 2F 1-1: Foul Ball, location: 2F 1-2: SINGLE (Groundball, 56D) (infield hit)
|
Batting: RHB Larry Booth
|
0-0: Foul Ball, location: 2F 0-1: Ball 1-1: SINGLE (Line Drive, 5D) Norris Howard to second
|
Pinch Hitting: RHB Gabriel Villegas
|
0-0: Fly out, F6 (Popup, 6)
|
Batting: LHB Wes Stone
|
0-0: Called Strike 0-1: Called Strike 0-2: Ball 1-2: Ball 2-2: Strikes out swinging
|
Bottom of the 9th over - 0 run(s), 2 hit(s), 0 error(s), 2 left on base; Wisconsin Rapids 9 - Cincinnati 6 |
|
|